[Event "*** Titled Tuesday Blitz"]
[Site "Chess.com"]
[Date "2018.11.06"]
[Round "1"]
[White "pultineviciuspaulius"]
[Black "Atanejhad"]
[Result "1-0"]
[WhiteElo "2574"]
[BlackElo "2216"]
[TimeControl "180+2"]
[EndTime "13:09:59 PST"]
[Termination "pultineviciuspaulius won on time"]

1. d4 Nf6 2. c4 e6 3. Nf3 c5 4. d5 b5 5. Nc3 b4 6. Nb1 exd5 7. cxd5 Bb7 8. Bg5 h6 9. Bh4 g5 10. Bg3 Bxd5 11. Nbd2 Bg7 12. Rc1 d6 13. e4 Bxe4 14. Nxe4 Nxe4 15. Bb5+ Kf8 16. Qd5 Nxg3 17. hxg3 Nd7 18.
Bxd7 Qe7+ 19. Kf1 Rd8 20. Bb5 Bxb2 21. Re1 Qf6 22. Bc4 Kg7 23. Nd2 Bc3 24. Ne4 Rhe8 25. Re3 Qe6 26. Qxe6 fxe6 27. Nxc3 bxc3 28. Rxc3 d5 29.
Bb5 Rb8 30. Bxe8 Rb1+ 31. Ke2 Rxh1 32. Rxc5 Kf6 33. Ba4 Ke5 34. Bb3 Rb1 35. Ra5 Rb2+ 36. Ke3 h5 37. f4+ gxf4+ 38. gxf4+ Kf5 39. Kf3 Rd2 40. Rxa7 Rd3+ 41. Kf2 Rd2+ 42. Kf3 Rd3+ 43. Ke2 Rg3 44.
Kf2 h4 45. Re7 Rc3 46. Rh7 Kxf4 47. Rxh4+ Ke5 48. Rh1 Kd6 49. Re1 e5 50. g4 d4 51. g5 Rc7 52. g6 Rg7 53. Bf7 Kc5 54. Kf3 Kb4 55. Ke4 Kc3 56. a4 d3 57. a5 d2 58. Rh1 Kc2 59. a6 Rxf7 60. gxf7 1-0

[Event "*** Titled Tuesday Blitz"]
[Site "Chess.com"]
[Date "2018.11.06"]
[Round "1"]
[White "Angry_Twin"]
[Black "Mikhail_Golubev"]
[Result "1/2-1/2"]
[WhiteElo "2776"]
[BlackElo "2419"]
[TimeControl "180+2"]
[EndTime "13:10:00 PST"]
[Termination "Game drawn by repetition"]

1. e4 c5 2. Nf3 d6 3. d4 cxd4 4.
Nxd4 Nf6 5. Nc3 g6 6. Be3 Bg7 7. f3 a6 8. Qd2 h5 9. O-O-O Nbd7 10. Kb1 b5 11. Bd3 Bb7 12. h3 h4 13. Rhe1 Rc8 14.
Qf2 b4 15. Nd5 Nxd5 16. exd5 Bxd5 17. Bg5 Bxa2+ 18. Kxa2 Qa5+ 19. Kb1 Qxg5 20. Bxa6 Rc5 21. f4 Qf6 22. Qd2 O-O 23. Qxb4 Rb8 24. Qa4 Qxf4 25. Rf1 Qe3 26. Rfe1 Qc3 27. Bb7 Bxd4 28. bxc3 Rxb7+ 29. Kc1 Bf6 30. Rd2 Bg5 31. Qa8+ Rb8 32. Qa7 Rcb5 33. Kd1 Rb1+ 34. Ke2 Rxe1+ 35. Kxe1 Rb1+ 36. Ke2 Bxd2 37. Qxd7 Bg5 38. Kd3 Bf6 39. c4 Rd1+ 40. Ke2 Rd4 41. Qc8+ Kg7 42. Qc6 Rf4 43. Qd5 Bd4 44.
Qb7 e6 45. Kd3 Bc5 46. Kc3 e5 47. Kb3 Rf2 48. Qe4 f5 49. Qxh4 Rxg2 50. Qe7+ Kh6 51.
Qh4+ Kg7 52. Ka4 Rxc2 53. Kb5 f4 54. Kc6 f3 55. Qe7+ Kg8 56. Qe8+ Kg7 57. Qe7+ Kg8 58. Qe6+ Kg7 59. Qe7+ 1/2-1/2

[Event "*** Titled Tuesday Blitz"]
[Site "Chess.com"]
[Date "2018.11.06"]
[Round "1"]
[White "Kangoroo3000"]
[Black "tteshan"]
[Result "1-0"]
[WhiteElo "2520"]
[BlackElo "2136"]
[TimeControl "180+2"]
[EndTime "13:10:05 PST"]
[Termination "Kangoroo3000 won by resignation"]

1. d4 d5 2. c4 dxc4 3. Nf3 Nf6 4.
e3 Bg4 5. Bxc4 e6 6. O-O a6 7.
Be2 Nc6 8. Nc3 Bd6 9. b3 O-O 10. Bb2 Re8 11. Rc1 Qe7 12. Na4 Nd5 13. h3 Bh5 14.
Nc5 Bxc5 15. Rxc5 f5 16. Nd2 Bxe2 17. Qxe2 g5 18. Rfc1 Kh8 19. e4 Nf4 20. Qf3 Kg8 21. Kh2 Qd6 22. g3 Nxd4 23. Bxd4 Qxd4 24. gxf4 Qxd2 25.
exf5 exf5 26. Rg1 Re2 27. Rxg5+ Kh8 28. Kg2 Rae8 29. Rxc7 h6 30. Rgg7 Rxf2+ 31. Qxf2 Re2 32. Rh7+ Kg8 33. Rcg7+ Kf8 34. Rf7+ Kg8 35. Rfg7+ Kf8 36. Rf7+ Kg8 37. Rfg7+ Kf8 38. Rf7+ Kg8 39. Rhg7+ Kh8 40. Qxe2 Qxe2+ 41. Kg3 Qe3+ 42. Kh4 Qxf4+ 43. Kh5 Qf3+ 44. Kxh6 Qxh3+ 45. Kg6 Qg4+ 46. Kf6 Qd4+ 47. Kg6 Qg4+ 48. Kf6 Qd4+ 49. Kxf5 Qf2+ 50. Ke6 Qe3+ 51. Kd6 Qd4+ 52. Kc7 b5 53. Rd7 Qc5+ 54. Kb7 a5 55. Rge7 1-0

[Event "*** Titled Tuesday Blitz"]
[Site "Chess.com"]
[Date "2018.11.06"]
[Round "1"]
[White "Karina_Oparina"]
[Black "RaphaeI"]
[Result "0-1"]
[WhiteElo "2198"]
[BlackElo "2536"]
[TimeControl "180+2"]
[EndTime "13:10:07 PST"]
[Termination "RaphaeI won by resignation"]

1. Nf3 c5 2. c4 g6 3. d4 cxd4 4. Nxd4 Nc6 5. g3 Bg7 6. Nxc6 bxc6 7. Bg2 Rb8 8. Nc3 h5 9. h4 Nf6 10. O-O O-O 11. b3 Qc7 12. Bb2 Ng4 13. e3 d6 14.
Qe2 Ne5 15. Rac1 Bg4 16. f3 Be6 17. Nd5 Bxd5 18. cxd5 c5 19. Bh3 f5 20. f4 Ng4 21.
Bxg4 fxg4 22. Bxg7 Kxg7 23. Rc4 a5 24. e4 Rb4 25. Rxb4 axb4 26. Qb2+ Kg8 27. Qc2 Kh7 28. Qe2 Qa7 29. Kg2 Ra8 30. Rf2 Qb7 31. Qd3 Rd8 32. Rd2 Rf8 33. Re2 Rb8 34. Rd2 Qb5 35. Kf2 Qxd3 36.
Rxd3 Ra8 37. Rd2 Ra3 38. e5 Kg7 39. Ke2 dxe5 40. fxe5 Kf7 41. d6 exd6 42. exd6 Ke8 43. Kd3 Kd7 44. Kc4 Ra5 45. Kd5 Rb5 46. Re2 Ra5 47. Re7+ Kd8 48. Kc6 Ra6+ 49. Kxc5 Rxa2 50. Kc6 Rc2+ 51. Kb5 Rc3 52. Re6 Rxb3 53. Kc6 Rc3+ 54. Kb5 Rxg3 55. Rxg6 b3 56. Kc6 Rc3+ 57. Kd5 b2 58.
Rg8+ Kd7 59. Rg7+ Kc8 60. Rg8+ Kb7 61. Rg7+ Ka6 62. d7 b1=Q 63. d8=Q Rd3+ 0-1

[Event "*** Titled Tuesday Blitz"]
[Site "Chess.com"]
[Date "2018.11.06"]
[Round "1"]
[White "Bad4life"]
[Black "Malev212"]
[Result "0-1"]
[WhiteElo "2275"]
[BlackElo "2617"]
[TimeControl "180+2"]
[EndTime "13:10:14 PST"]
[Termination "Malev212 won by resignation"]

1. e4 g6 2. d4 Bg7 3. c3 d6 4. Bd3 Nf6 5. Nf3 O-O 6. O-O Bg4 7. Re1 Nc6 8. Nbd2 e5 9. h3 Bd7 10. a4 a6 11. Nf1 Nh5 12. Bg5 f6 13. Be3 Nf4 14.
Bxf4 exf4 15. N1h2 g5 16. a5 Qe7 17. Ra3 Kh8 18. Bb1 Qf7 19. Ba2 Qg6 20. Bb1 Qf7 21. Ba2 Qh5 22. Nd2 Qxd1 23. Rxd1 Rae8 24. f3 f5 25. Bd5 h6 26. Nhf1 Nd8 27. Kf2 c6 28. Bc4 fxe4 29. fxe4 Re7 30. Re1 Rfe8 31. Be2 Be6 32. Bh5 Bf7 33. Bxf7 Nxf7 34. Nh2 Kh7 35.
Rb3 Kg6 36. Nhf3 h5 37. Nh2 Bf6 38. Rb4 Nh6 39. Rg1 g4 40. g3 f3 41. h4 Nf7 42. Re1 Bg7 43. Nhf1 Bh6 44. Ne3 Nd8 45.
Rd1 Rd7 46. Re1 Ne6 47. Rb6 Ng7 48. Rb4 Re6 49. d5 Re5 50. Rd4 c5 51. Rd3 Ne8 52. Nec4 Ree7 53. b4 cxb4 54. cxb4 Nf6 55. Nb6 Rd8 56.
Rd4 Rde8 57. Rc1 Bxd2 58. Rxd2 Nxe4+ 59. Ke3 Nxd2+ 60. Kxd2 Re2+ 61. Kd3 f2 62. Rf1 R8e3+ 63. Kd4 Rxg3 64. Nc4 Rg1 0-1

[Event "*** Titled Tuesday Blitz"]
[Site "Chess.com"]
[Date "2018.11.06"]
[Round "1"]
[White "moro182"]
[Black "enriquetejedor"]
[Result "0-1"]
[WhiteElo "2722"]
[BlackElo "2423"]
[TimeControl "180+2"]
[EndTime "13:10:24 PST"]
[Termination "enriquetejedor won by resignation"]

1. d4 d5 2. c4 dxc4 3. e3 c5 4. Bxc4 e6 5. Nf3 a6 6. Qe2 Nf6 7. O-O Nc6 8. dxc5 Bxc5 9. Rd1 Qc7 10. a3 b5 11. b4 Bd6 12. Bb3 O-O 13. Bb2 Ne5 14. Nxe5 Bxe5 15. Bxe5 Qxe5 16. Nd2 Bb7 17. Rac1 Rac8 18. Qd3 h6 19. a4 Qg5 20. f3 Rcd8 21.
Qe2 bxa4 22. Bxa4 Nd5 23. f4 Qf6 24. Ne4 Qg6 25. Nc5 Ba8 26. Bc2 Nc3 27. Qf1 Rxd1 28.
Bxd1 Nd5 29. Bc2 Qg4 30. Bd1 Qg6 31. e4 Ne3 32. Qf3 Nxd1 33. Rxd1 f5 34. Nd7 Bxe4 35. Nxf8 Bxf3 36. Nxg6 Bxd1 37. Kf2 Kf7 38. Ne5+ Ke7 39. Ke3 Ba4 40. Kd4 g5 41. g3 gxf4 42. gxf4 Kd6 43. Nf7+ Ke7 44. Ne5 Bb5 45. Kc5 Kf6 46. Kd6 Bf1 47.
Nd7+ Kf7 48. Ke5 Bc4 49. Kd4 Bb5 50. Ne5+ Ke7 51. Kc5 Bf1 52. Kc6 Bh3 53. Kc7 h5 54. Nc6+ Kf6 55. Kd6 Bf1 56. h4 Bb5 57. Ne5 Be8 58. Nd3 Bb5 59. Nc5 Bc4 60. Kd7 e5 61.
fxe5+ Kxe5 62. Kc6 f4 63. Nd7+ Kd4 64. Nf6 Bf7 65.
Kd6 f3 66. Ke7 f2 67. Kxf7 f1=Q 68. Kg6 Kc4 69. Nxh5 Kxb4 70. Nf6 a5 71. h5 a4 72. h6 Qd3+ 73. Kg7 a3 74. h7 Qxh7+ 75. Kxh7 a2 76. Nd5+ Ka5 0-1

[Event "*** Titled Tuesday Blitz"]
[Site "Chess.com"]
[Date "2018.11.06"]
[Round "1"]
[White "Oneofmyturns"]
[Black "chesstatour"]
[Result "1-0"]
[WhiteElo "2513"]
[BlackElo "2105"]
[TimeControl "180+2"]
[EndTime "13:10:27 PST"]
[Termination "Oneofmyturns won on time"]

1. d4 f5 2. g3 g6 3. Bg2 Bg7 4. Nh3 Nf6 5. c4 d6 6. O-O O-O 7. Nd2 e5 8. dxe5 dxe5 9. e4 fxe4 10. Re1 Bf5 11. Ng5 Qd4 12. Qb3 Nbd7 13. Ndxe4 Nxe4 14. Be3 Nec5 15. Qa3 Qd6 16. Rad1 Nd3 17. c5 Qf6 18.
Rxd3 Bxd3 19. Qxd3 h6 20. Qxd7 hxg5 21. Qxc7 Rab8 22. Bxb7 Kh7 23. b3 g4 24. Be4 Rbc8 25.
Qxa7 Kh8 26. Qd7 Bh6 27. Qd6 Bxe3 28. Qxf6+ Rxf6 29. Rxe3 Rxc5 30. Re2 Rc1+ 31. Kg2 Kg7 32. h3 gxh3+ 33. Kxh3 Rd6 34. Rb2 Rcd1 35. b4 R1d2 36. Rb3 Rxa2 37. b5 Rb6 38. Kg2 Rd2 39. Bc6 Rd4 40.
Re3 Kf6 41. Rf3+ Ke7 42. Kh3 Rd2 43. Kg4 Rd4+ 44. Kg5 Rd6 45. Re3 Re6 46. Rd3 Rd6 47.
Ra3 Ke6 48. Ra8 e4 49. Kxg6 Ke5+ 50. Kg5 Kd4 51. Re8 Rbxc6 52. bxc6 Rxc6 53. g4 Rc2 54. Rf8 Ke5 55. Rf5+ Ke6 56. Kh4 Re2 57. Rf8 Ke7 58. Rf4 Ke6 59. g5 Re1 60. g6 Rh1+ 61.
Kg5 Rg1+ 62. Kh6 Ke5 63. Rf8 Rh1+ 64. Kg7 Rh2 65. Kg8 Ke6 66. g7 Ke7 67. Rf4 1-0

[Event "*** Titled Tuesday Blitz"]
[Site "Chess.com"]
[Date "2018.11.06"]
[Round "1"]
[White "Rashad_Zeynalli"]
[Black "NTBT_DHS"]
[Result "1-0"]
[WhiteElo "2403"]
[BlackElo "2728"]
[TimeControl "180+2"]
[EndTime "13:10:31 PST"]
[Termination "Rashad_Zeynalli won by resignation"]

1. d4 Nf6 2. Bf4 g6 3. e3 Bg7 4. Nf3 O-O 5. Be2 d6 6. O-O c5 7. h3 Qb6 8. Nbd2 Be6 9. Ng5 Bd5 10. c4 Bc6 11. d5 Bd7 12. Qb3 Na6 13. e4 h6 14. Ngf3 Rad8 15. Rfe1 e5 16. dxe6 Bxe6 17. Rad1 Nb4 18. Bf1 Nd7 19. Nb1 Ne5 20. Nxe5 dxe5 21. Be3 Nc6 22. Qxb6 axb6 23. Nc3 Nd4 24. Bxd4 exd4 25.
Nd5 Rd6 26. f4 Ra8 27. a3 Bxd5 28. cxd5 g5 29. g3 Re8 30. Bb5 Ra8 31. Bc4 gxf4 32.
gxf4 Rad8 33. Rd3 Kf8 34. Kg2 h5 35. Kf3 Rg6 36. e5 b5 37. Bxb5 Rxd5 38. Bc4 Rd7 39. f5 Rg5 40. Ke4 Bxe5 41. Kxe5 Re7+ 42. Kf4 Rxf5+ 43.
Kxf5 Rxe1 44. Kg5 Rg1+ 45. Kxh5 Ke7 46. Rb3 f5 47. Rxb7+ Kd6 48. a4 f4 49. a5 Ke5 50.
Re7+ Kf6 51. Rf7+ Ke5 52. a6 Ra1 53. Bd3 Kd5 54. Rxf4 c4 55. Be4+ Ke5 56. Kg5 Rxa6 57. h4 d3 58. Bf3 Ra4 59. b3 Ra3 60. bxc4 d2 61. Rf5+ Kd6 62. Rd5+ Ke6 63. Bg4+ Kf7 64. Rxd2 Ra7 65. Rd7+ 1-0

[Event "*** Titled Tuesday Blitz"]
[Site "Chess.com"]
[Date "2018.11.06"]
[Round "1"]
[White "BilodeauA"]
[Black "IvanRadivojevic"]
[Result "1-0"]
[WhiteElo "2839"]
[BlackElo "2433"]
[TimeControl "180+2"]
[EndTime "13:10:33 PST"]
[Termination "BilodeauA won by resignation"]

1. d4 Nf6 2. Nc3 d5 3. Bf4 c6 4. e3 Bf5 5. f3 e6 6. g4 Bg6 7.
h4 h5 8. g5 Nfd7 9. Bd3 Bxd3 10.
Qxd3 g6 11. O-O-O b6 12. e4 Bg7 13. Nge2 O-O 14. Bd6 Re8 15. f4 dxe4 16. Nxe4 b5 17. Be5 Na6 18. N2g3 Nb4 19. Qd2 Nd5 20. Nd6 Re7 21.
Nge4 N7b6 22. Nf6+ Kh8 23. Qe2 Nd7 24. Nxh5 gxh5 25. Qxh5+ Kg8 26. g6 fxg6 27. Qxg6 Nf8 28. Qg4 Ne3 29. Qg3 Nxd1 30. Rxd1 Rd7 31. Ne4 Kh8 32. Rg1 Qe7 33. h5 Nh7 34. Qxg7+ Qxg7 35. Rxg7 Rxg7 36. h6 Kg8 37. hxg7 Kf7 38. Nd6+ Kg6 39. c4 bxc4 40. Nb7 Nf6 41. Nc5 Rg8 42. Nxe6 Kf5 43. Ng5 Rxg7 44. Kc2 Rd7 45. Kc3 Rb7 46. Bxf6 Kxf6 47.
Ne4+ Ke7 48. f5 Rb5 49. f6+ Ke6 50. f7 Rb8 51. Kxc4 Kxf7 52. b4 Ke6 53. a4 Rh8 54. Kc5 Kd7 55. Nf6+ Kc7 56. b5 cxb5 57. Nd5+ Kb7 58.
axb5 a6 59. bxa6+ Kxa6 60. Kc6 Rh4 61. Nc7+ Ka7 62. d5 Rd4 63. Nb5+ Kb8 64. Nxd4 1-0

[Event "*** Titled Tuesday Blitz"]
[Site "Chess.com"]
[Date "2018.11.06"]
[Round "1"]
[White "Slovak_fighter2000"]
[Black "VladimirPotkin"]
[Result "1-0"]
[WhiteElo "2295"]
[BlackElo "2582"]
[TimeControl "180+2"]
[EndTime "13:10:33 PST"]
[Termination "Slovak_fighter2000 won by resignation"]

1. d4 Nf6 2. Bf4 d5 3. Nf3 c5 4. e3 Nc6 5. Nbd2 cxd4 6. exd4 Qb6 7. Nb3 Bg4 8. c3 e6 9. Be2 Be7 10. O-O O-O 11. h3 Bh5 12. Ne5 Bxe2 13. Qxe2 Nxe5 14. Bxe5 Nd7 15. Bg3 a5 16. Nc1 Qa6 17. Nd3 b5 18.
a3 Rfc8 19. Rfc1 Nb6 20. Ne5 Nc4 21. a4 bxa4 22. Rxa4 Qb5 23. Ra2 a4 24. Nxc4 Rxc4 25.
Rca1 h6 26. Kh2 Qb3 27. Qd1 Qxd1 28. Rxd1 a3 29. bxa3 Rxc3 30. a4 Bb4 31. Bf4 Rc4 32.
Be3 g5 33. Kg3 Kg7 34. h4 Kg6 35. hxg5 hxg5 36. Rd3 f5 37. f4 gxf4+ 38. Bxf4 Kf6 39. Be5+ Ke7 40. Rb3 Kd7 41. Kf4 Kc6 42. Kg5 Be7+ 43. Kg6 Bb4 44. Kf7 Kd7 45. Bg7 Ba5 46. Rb7+ Bc7 47.
Be5 Kc8 48. Rxc7+ Rxc7+ 49. Bxc7 Kxc7 50. Kxe6 f4 51. Kxd5 Re8 52. a5 Kb7 53. Kc4 Ka6 54. d5 Rf8 55. d6 f3 56. gxf3 Rxf3 57. Kd5 Rd3+ 58. Ke6 Re3+ 59. Kd7 Re1 60. Kc7 Rc1+ 61. Kd8 Rd1 62. d7 Re1 63. Rc2 Kb7 64. a6+ Kb8 65.
a7+ Kxa7 66. Kc8 1-0

[Event "*** Titled Tuesday Blitz"]
[Site "Chess.com"]
[Date "2018.11.06"]
[Round "1"]
[White "norwaytoadog"]
[Black "Bykov_Egor"]
[Result "0-1"]
[WhiteElo "2155"]
[BlackElo "2525"]
[TimeControl "180+2"]
[EndTime "13:10:39 PST"]
[Termination "Bykov_Egor won by resignation"]

1. e4 e5 2. Nf3 Nc6 3. Bb5 a6 4. Ba4 Nf6 5. d3 b5 6. Bb3 Be7 7. O-O d6 8. a4 b4 9. Nbd2 O-O 10.
Re1 Be6 11. Nc4 Nd7 12. c3 Rb8 13. a5 Nc5 14. Bc2 Bxc4 15. dxc4 b3 16. Bb1 Nb7 17.
Qd5 Ncxa5 18. Be3 c6 19. Qd3 Nc5 20. Bxc5 dxc5 21. Qe2 Bf6 22. Bd3 Qb6 23. Ra3 Nb7 24.
Nd2 a5 25. Rxb3 Qc7 26. Ra3 Rfd8 27. Nf1 Qb6 28. b3 a4 29. bxa4 Na5 30. Ne3 Qb2 31. Qxb2 Rxb2 32. Bf1 Bg5 33. g3 Rdd2 34. Ng4 f6 35. h4 h5 36. hxg5 hxg4 37. g6 Rxf2 38. Rd1 Kf8 39. Rd8+ Ke7 40. Rg8 Rf3 41. Ra1 Rxg3+ 42.
Kh1 f5 43. exf5 Kf6 44. Rf8+ Kg5 45. f6 Rb7 46. f7 Kxg6 47. Rd1 Rxf7 48. Bd3+ Rxd3 49.
Rxd3 Rxf8 50. Kg2 Kf5 51. Rd6 Nxc4 52. Rxc6 Ra8 53. Rxc5 Rxa4 54. Kg3 Nd6 55. Rc7 Rc4 56. Rxg7 Rxc3+ 57. Kg2 Ne4 58. Rf7+ Nf6 59. Rg7 e4 60. Kf2 Kf4 61. Rf7 Rc2+ 62. Kf1 Kf5 63. Ke1 g3 64. Rg7 Ng4 65. Kf1 e3 66. Rf7+ Ke4 67. Re7+ Ne5 68. Rg7 Kf3 69. Rf7+ Nxf7 0-1

[Event "*** Titled Tuesday Blitz"]
[Site "Chess.com"]
[Date "2018.11.06"]
[Round "1"]
[White "AlexTriapishko"]
[Black "TheRigos"]
[Result "1-0"]
[WhiteElo "2761"]
[BlackElo "2398"]
[TimeControl "180+2"]
[EndTime "13:10:47 PST"]
[Termination "AlexTriapishko won by resignation"]

1. e4 c5 2. Nf3 d6 3. d4 cxd4 4. Nxd4 Nf6 5. Nc3 a6 6. g3 g6 7. Bg2 Bg7 8. O-O O-O 9. a4 Bg4 10. Qd3 Nbd7 11. h3 Nc5 12. Qe3 Bd7 13. a5 Qc8 14. g4 e5 15. Nde2 Bc6 16. Rd1 Rd8 17. Ng3 Ne6 18. g5 Ne8 19. Nge2 f6 20. h4 f5 21.
exf5 gxf5 22. Nd5 Bxd5 23. Bxd5 Nc7 24. Qf3 Nxd5 25. Qxd5 Kh8 26. c3 Qd7 27. Ng3 Qf7 28. f4 Rac8 29. Be3 Rd7 30. Qf3 e4 31. Qf2 d5 32. h5 Bf8 33. h6 Bc5 34. Ne2 Kg8 35. b4 Bxe3 36. Qxe3 Qh5 37. Rd2 Qg4+ 38. Kf2 Qh4+ 39.
Qg3 Qh5 40. Rg1 Qg6 41. Qe3 Rcd8 42. Nd4 Nf8 43. Qh3 Rf7 44. Rh1 Ne6 45. Ke3 Rc8 46. Ne2 Rd7 47. Qh5 Nf8 48. Qxg6+ Nxg6 49. Rhd1 Rcd8 50.
c4 Ne7 51. Kf2 Kf7 52. Nc3 d4 53. Nd5 e3+ 54. Nxe3 dxe3+ 55. Kxe3 Rxd2 56. Rxd2 Rxd2 57. Kxd2 Nc6 58. Kc3 Ne7 59. b5 Ke6 60. Kd4 Ng6 61. Kc5 axb5 62. cxb5 Nxf4 63. a6 bxa6 64. bxa6 Nd5 65.
g6 f4 66. g7 Ne7 67. a7 f3 68. a8=Q 1-0

[Event "*** Titled Tuesday Blitz"]
[Site "Chess.com"]
[Date "2018.11.06"]
[Round "1"]
[White "TastyFrenchFries"]
[Black "bascheyaro"]
[Result "1-0"]
[WhiteElo "2379"]
[BlackElo "2716"]
[TimeControl "180+2"]
[EndTime "13:11:05 PST"]
[Termination "TastyFrenchFries won by checkmate"]

1. e3 d5 2. Nf3 Nf6 3. d4 Bf5 4. c4 e6 5. Qb3 Qc8 6. Nc3 c6 7. h3 h6 8. g4 Bh7 9. Bg2 Nbd7 10. O-O Bd6 11. cxd5 exd5 12. Bd2 O-O 13. Rfe1 Re8 14.
Nh4 Rb8 15. f4 Qd8 16. Nf3 Ne4 17. Nxe4 Bxe4 18. Ne5 Bxg2 19. Kxg2 Nf6 20. Bb4 Bxe5 21. fxe5 Ne4 22. Rf1 b6 23. Rf3 c5 24. Bc3 h5 25.
gxh5 Qg5+ 26. Kh2 Qxh5 27. Qd1 Re6 28. Rf4 Qxd1 29. Rxd1 c4 30. Rg1 b5 31. a3 Rb7 32.
Rxe4 dxe4 33. Rg4 Rd7 34. Kg3 Kf8 35. Kf4 Rh6 36. h4 f6 37. e6 Rb7 38. Kxe4 Rh5 39. Rf4 a5 40. Bxa5 Ke7 41. d5 Re5+ 42. Kd4 Rh5 43.
Bb4+ Ke8 44. e4 Rb6 45. Kc5 Rxe6 46. Kxb5 Ree5 47. Kxc4 Kd7 48. a4 g5 49. hxg5 fxg5 50. Rf7+ Ke8 51. Rf8+ Kd7 52. Kd4 Re8 53. Rf7+ Kc8 54. d6 Rd8 55. e5 Rh4+ 56. Kc5 Re4 57. Bc3 g4 58. Rg7 Rxa4 59. e6 Re4 60. e7 Rh8 61. Kc6 Rc4+ 62. Kd5 Ra4 63. Kc6 Rc4+ 64. Kb5 Re4 65. e8=Q+ Rhxe8 66. d7+ Kd8 67. dxe8=Q+ Kxe8 68. Kc5 Kf8 69. Rg5 Kf7 70. b4 Re3 71. Bd4 Re4 72. b5 Ke6 73. b6 Kd7 74. Rg7+ Kc8 75. Kd5 Re2 76. b7+ Kb8 77. Be5+ Rxe5+ 78. Kxe5 g3 79. Rxg3 Kxb7 80. Rc3 Kb6 81. Kd6 Kb5 82. Kd5 Kb4 83. Kd4 Kb5 84. Rc4 Kb6 85. Kd5 Kb5 86. Rd4 Kb6 87. Kd6 Kb5 88. Re4 Kb6 89. Re5 Ka6 90.
Kc6 Ka7 91. Kc7 Ka6 92. Rf5 Ka7 93. Ra5# 1-0

[Event "*** Titled Tuesday Blitz"]
[Site "Chess.com"]
[Date "2018.11.06"]
[Round "1"]
[White "Artooooo"]
[Black "2Tilted"]
[Result "0-1"]
[WhiteElo "2740"]
[BlackElo "2408"]
[TimeControl "180+2"]
[EndTime "13:11:10 PST"]
[Termination "2Tilted won by resignation"]

1. d4 d5 2. c4 c6 3. Nc3 Nf6 4. Nf3 dxc4 5. a4 Bf5 6. Nh4 Bd7 7. e4 e6 8. Nf3 Bb4 9. Qc2 b5 10. g3 a6 11. Bg2 O-O 12. O-O Ra7 13. axb5 cxb5 14.
e5 Nd5 15. Ng5 g6 16. Nxd5 exd5 17. Bxd5 Bf5 18. Be4 Bxe4 19. Nxe4 Be7 20. Rd1 Nc6 21. Be3 Nb4 22. Qe2 Nd5 23. Qf3 f5 24. Nc3 Nxe3 25.
fxe3 b4 26. Nd5 a5 27. Nf4 Qa8 28. d5 Bc5 29. Ne6 Rc8 30. Kg2 c3 31. bxc3 bxc3 32. d6 c2 33. Rd3 Bxe3 34. Rxe3 Qxf3+ 35. Kxf3 c1=Q 36. Rxc1 Rxc1 37. Nf4 Rd1 38. Ke2 Rd4 39. Ne6 Rd5 40. Nc7 Rc5 41. Ne6 Rc2+ 42. Kd3 Rc1 43. Nd4 Rd1+ 44. Kc4 Rc1+ 45. Kd5 a4 46. e6 Ra5+ 47.
Nb5 Rxb5+ 48. Kd4 Rb4+ 49. Kd5 Rb5+ 50. Kd4 Rb4+ 51. Kd5 Re4 52. Rd3 Kf8 53. g4 Ke8 54. gxf5 gxf5 55. Rg3 Rd1+ 56. Kc5 Rxe6 57. Rg8+ Kf7 58.
Ra8 Rdxd6 59. Ra7+ Kf6 60. Rxa4 Rd1 61. Ra8 Re7 62.
Rf8+ Kg7 63. Rxf5 Rg1 64. h4 Kg6 65. Rf4 Re5+ 66. Kd4 Rh5 67. Ke3 Rg3+ 68. Kf2 Rh3 69. Rg4+ Kh6 70. Ra4 R3xh4 71. Ra6+ Kg7 72. Ra7+ Kf6 73.
Ra6+ Kg5 74. Kg3 Rg4+ 75. Kf3 Rh3+ 76. Kf2 h5 77. Ra5+ Kh4 78. Rb5 Ra3 79. Rc5 Rb4 80. Rc2 Kh3 81. Kg1 0-1

[Event "*** Titled Tuesday Blitz"]
[Site "Chess.com"]
[Date "2018.11.06"]
[Round "1"]
[White "GasconJR"]
[Black "pKiLz5Rn9b"]
[Result "1-0"]
[WhiteElo "2403"]
[BlackElo "2721"]
[TimeControl "180+2"]
[EndTime "13:12:05 PST"]
[Termination "GasconJR won on time"]

1. e4 e6 2. d4 d5 3. Nc3 dxe4 4. Nxe4 Nd7 5. Nf3 Ngf6 6. Nxf6+ Nxf6 7. Bc4 c5 8. O-O a6 9. a4 Qc7 10. Ne5 cxd4 11.
Bf4 Qc5 12. b4 Qxb4 13. Qxd4 Qc5 14. Qd3 Be7 15. Rad1 O-O 16. Rfe1 Nd5 17. Bxd5 exd5 18. Be3 Qc7 19. Bd4 Be6 20. Qg3 Bf6 21. Ng4 Qxg3 22.
Nxf6+ gxf6 23. hxg3 Rfc8 24. c3 Kg7 25. a5 Rc7 26. Rb1 Rac8 27. Rb6 Rd7 28. f3 Rc6 29. g4 Rxb6 30. Bxb6 f5 31. Bd4+ Kg6 32. gxf5+ Kxf5 33. Re5+ Kg6 34. f4 h6 35. Kf2 Rd6 36. Kf3 f6 37. Re1 h5 38. Rb1 Bg4+ 39. Kf2 Rd7 40. Rb6 Rf7 41. Rd6 Kf5 42. g3 Ke4 43. Bxf6 Rc7 44.
Rb6 Rf7 45. Be5 Re7 46. Rb4+ Kf5 47. Ke3 Bh3 48. Rb2 Kg4 49. Kf2 Kf5 50. Rd2 Ke6 51.
Ke3 Re8 52. Rb2 Rg8 53. Rb6+ Kf5 54. Kf3 Bg4+ 55. Kf2 Ke4 56. Rxb7 Bh3 57. Rb4+ Kf5 58. Rb6 Ke4 59. Rb4+ Kf5 60. Rd4 h4 61. gxh4 Rg2+ 62.
Kf3 Rc2 63. Rd3 Bg2+ 64. Kg3 Be4 65. Re3 Rg2+ 66. Kh3 Rg1 67. Bd4 Rg8 68. Rg3 Rb8 69.
Be5 Rb1 70. Rg5+ Ke6 71. h5 Rh1+ 72. Kg3 Bf5 73. Kg2 Be4+ 74. Kf2 Rh3 75. Ke2 Bf5 76. Kd2 Be4 77. Kc1 Rh2 78. Bg7 Kd7 79. h6 Kc6 80. f5 Kd7 81. f6 Ke6 82. Re5+ Kf7 83. Re7+ Kg6 84. f7 1-0

[Event "*** Titled Tuesday Blitz"]
[Site "Chess.com"]
[Date "2018.11.06"]
[Round "1"]
[White "Fy_Rakotomaharo"]
[Black "JonahWillow"]
[Result "1-0"]
[WhiteElo "2366"]
[BlackElo "2690"]
[TimeControl "180+2"]
[EndTime "13:12:34 PST"]
[Termination "Fy_Rakotomaharo won by resignation"]

1. e4 c5 2. Nf3 e6 3. Nc3 Nc6 4. Be2 d6 5. d4 cxd4 6. Nxd4 Nf6 7. Be3 Be7 8. O-O O-O 9. f4 Qc7 10. Kh1 Nxd4 11. Qxd4 b6 12. Nb5 Qb8 13. c4 Bb7 14.
Bf3 Rd8 15. Rfd1 e5 16. Qd3 a6 17. Nc3 Qc7 18. Rac1 Nd7 19. Nd5 Bxd5 20. cxd5 Qb7 21. Rc6 Rdc8 22. Rdc1 Nc5 23. Rxc8+ Rxc8 24. Qc2 a5 25.
Be2 Bf6 26. f5 b5 27. b3 h6 28. a3 b4 29. axb4 axb4 30. Bf3 Bg5 31. Bxg5 hxg5 32.
f6 gxf6 33. Bg4 Ra8 34. Bf5 Kg7 35. Rf1 Qa6 36. Qf2 Nd3 37. Qf3 Nf4 38. g3 Ne2 39. Bg4 Ra7 40. Qxf6+ Kg8 41. Qd8+ Kh7 42. Bf5+ Kg7 43.
Qxg5+ Kf8 44. Kg2 Nd4 45. Bg4 Qb7 46. Qd8+ Kg7 47. Qg5+ Kf8 48. Qd8+ Kg7 49. Qxd6 Qc7 50. Qf6+ Kg8 51. d6 Qc2+ 52. Kh3 Qxe4 53. Qd8+ Kg7 54. Qg5+ Kf8 55. d7 Nc6 56. d8=Q+ Nxd8 57. Qxd8+ Kg7 58.
Qg5+ Kf8 59. Bf5 Qe2 60. Qh6+ Ke7 61. Qh4+ Kf8 62. Qxb4+ Kg7 63. Qg4+ Qxg4+ 64. Bxg4 Rb7 65. Rb1 Kg6 66. Bf3 Rb4 67. g4 e4 68. Be2 f5 69.
gxf5+ Kxf5 70. Kg3 Ke5 71. Bc4 Kd4 72. Kf4 e3 73.
Rd1+ Kc5 74. Kxe3 Rb8 75. Rd5+ Kc6 76. Kd4 Rh8 77. Kc3 Rxh2 78. Kb4 Rh4 79. Rc5+ Kb6 80.
Re5 Kc7 81. Kc5 Rh6 82. b4 Rh7 83. b5 Kb7 84. Rf5 Rc7+ 85. Kb4 Rc8 86. Rf7+ Kb6 87. Rf6+ Kb7 88. Bd5+ Kb8 89. Rb6+ Ka7 90. Ra6+ Kb8 91. Ra8+ Kc7 92. Rxc8+ Kxc8 93. Kc5 Kc7 94. Bc6 Kb8 95. Kb6 Kc8 96. Ka7 1-0

[Event "*** Titled Tuesday Blitz"]
[Site "Chess.com"]
[Date "2018.11.06"]
[Round "2"]
[White "xamax2000"]
[Black "GrigorGrigorov"]
[Result "0-1"]
[WhiteElo "2483"]
[BlackElo "2677"]
[TimeControl "180+2"]
[EndTime "13:13:49 PST"]
[Termination "GrigorGrigorov won by resignation"]

1. e4 e6 2. d4 d5 3. Nc3 Bb4 4. e5 b6 5. Qg4 Bf8 6. Bg5 Qd7 7.
O-O-O h6 8. Bh4 g5 9. Bg3 h5 10. Qh3 g4 0-1

[Event "*** Titled Tuesday Blitz"]
[Site "Chess.com"]
[Date "2018.11.06"]
[Round "2"]
[White "NemtsevIgor"]
[Black "Haykos"]
[Result "1-0"]
[WhiteElo "2393"]
[BlackElo "2499"]
[TimeControl "180+2"]
[EndTime "13:15:23 PST"]
[Termination "NemtsevIgor won by resignation"]

1. d4 d5 2. Bf4 Nf6 3. Nf3 c5 4. e3 Nc6 5. c3 Qb6 6. Qb3 c4 7. Qc2 Bf5 8. Qc1 Nh5 9. Be2 h6 10. Ne5 g5 11. Bxh5 gxf4 12. Nxf7 1-0

[Event "*** Titled Tuesday Blitz"]
[Site "Chess.com"]
[Date "2018.11.06"]
[Round "2"]
[White "GMSrinath"]
[Black "Zarikovs1999"]
[Result "1-0"]
[WhiteElo "2833"]
[BlackElo "2337"]
[TimeControl "180+2"]
[EndTime "13:15:32 PST"]
[Termination "GMSrinath won by resignation"]

1. d4 Nf6 2. Bg5 c5 3. Bxf6 gxf6 4. d5 e6 5. Nc3 d6 6. e4 a6 7. dxe6 fxe6 8. Qh5+ Ke7 9. O-O-O Nc6 10. Nf3 Qe8 11. Qh4 Qg6 12. Kb1 b5 13. Bd3 Qxg2 14. e5 Qxf3 15. Be4 1-0